 Dungeon Crawl Stone Soup version 0.27-a0-607-g1ad3dbde53 (webtiles) character file.

Game seed: 3991852114918844248

345 Leibowitz the Cutter (level 6, -1/37 HPs)
             Began as a Kobold Gladiator on Mar 12, 2021.
             Was an Initiate of Wu Jian.
             Slain by a lemure (9 damage)
             ... led by Pikel
             ... on level 4 of the Dungeon on Mar 13, 2021.
             The game lasted 00:08:47 (5073 turns).

Leibowitz the Cutter (Kobold Gladiator)             Turns: 5073, Time: 00:08:48

Health: -1/37      AC:  6    Str: 12    XL:     6   Next: 90%
Magic:  6/6        EV: 18    Int:  9    God:    Wu Jian [......]
Gold:   248        SH:  8    Dex: 18    Spells: 5/5 levels left

rFire    . . .     SeeInvis .   a - +0 rapier
rCold    . . .     Faith    .   i - +0 kite shield
rNeg     . . .     Spirit   .   b - +0 leather armour
rPois    .         Reflect  .   c - +0 helmet
rElec    .         Harm     .   t - +0 cloak
rCorr    .         Rampage  .   n - +0 pair of gloves
Will     .....                  (no boots)
Stlth    +++.......             (no amulet)
HPRegen  0.12/turn              q - +4 ring of evasion
MPRegen  0.10/turn              (no ring)

@: no status effects
A: small, nightstalker 3
a: Renounce Religion


You were on level 4 of the Dungeon.
You worshipped Wu Jian.
Wu Jian was noncommittal.
You visited 1 branch of the dungeon, and saw 4 of its levels.

You collected 248 gold pieces.

Inventory:

Hand Weapons
 a - a +0 rapier (weapon)
Armour
 b - a +0 leather armour (worn)
 c - a +0 helmet (worn)
 i - a +0 kite shield (worn)
 n - a +0 pair of gloves (worn)
 t - a +0 cloak (worn)
Jewellery
 q - a +4 ring of evasion (right hand)
Wands
 s - a wand of acid (6)
Scrolls
 e - a scroll of magic mapping {unknown}
 f - a scroll of fear {unknown}
 h - 2 scrolls of amnesia {unknown}
 j - a scroll of noise {unknown}
 k - 5 scrolls of teleportation {unknown}
 l - 2 scrolls of enchant armour {unknown}
 r - a scroll of blinking {unknown}
 v - a scroll of identify {unknown}
Potions
 g - 2 potions of curing
 m - a potion of lignification {unknown}
 o - a potion of invisibility {unknown}
 p - a potion of mutation {unknown}
 u - a potion of might {unknown}


   Skills:
 + Level 3.1 Fighting
 + Level 5.8 Short Blades
 + Level 2.3 Throwing
 + Level 2.0 Armour
 + Level 5.0 Dodging
 + Level 2.7 Stealth
 + Level 1.5 Shields


You had 5 spell levels left.
You didn't know any spells.
Your spell library was empty.

Dungeon Overview and Level Annotations

Branches:
Dungeon (4/15)
 Temple: D:4-7

Altars:
Makhleb
Nemelex Xobeh
Wu Jian

Annotations:
D:3 3 runed translucent doors, waddelsworth's ghost, novice GnWn
D:4 Pikel


Innate Abilities, Weirdness & Mutations

You are small and have problems with some larger weapons.
You are completely attuned to the shadows.


Message History

Pikel freezes you. The lemure barely misses you.
You hit Pikel but do no damage. Pikel hits you but does no damage.
The lemure hits you but does no damage. You block Pikel's attack.
Throw: 2 throwing nets
Press: ? - help, Q - select action, (/) - cycle Shift-Dir - straight line, f - Pikel
Aim: Pikel, wielding a +2 whip of freezing, wearing a +0 robe and carrying a wand of flame (22) (55% to hit)
You throw a throwing net. The throwing net hits Pikel.
Pikel is caught in the net!
The lemure hits you. You block the lemure's attack.
Pikel struggles against the net.
The lemure closely misses you.
You hit Pikel but do no damage. The lemure barely misses you.
The lemure completely misses you.
Pikel struggles against the net.
The lemure misses you. You block the lemure's attack.
You hit Pikel but do no damage. You block the lemure's attack.
Pikel struggles against the net.
The lemure closely misses you. The lemure barely misses you.
You block the lemure's attack.
Pikel struggles against the net.
You completely miss Pikel. The lemure hits you. You block the lemure's attack.
The lemure barely misses you.
Pikel struggles against the net.
You hit Pikel but do no damage. The lemure hits you. The lemure misses you.
The lemure barely misses you.
Pikel zaps a wand.
The puff of flame hits you.
Pikel struggles against the net.
The net rips apart, and Pikel comes free!
The lemure barely misses you.
You closely miss Pikel. The lemure barely misses you.
You block the lemure's attack. The lemure barely misses you. x2
Throw: throwing net
Press: ? - help, Q - select action, (/) - cycle Shift-Dir - straight line, f/p - Pikel
Aim: Pikel, wielding a +2 whip of freezing, wearing a +0 robe and carrying a wand of flame (21) (56% to hit)
You throw a throwing net. The throwing net barely misses Pikel.
You block the lemure's attack. Pikel completely misses you.
The lemure hits you but does no damage. The lemure hits you!
* * * LOW HITPOINT WARNING * * *
You completely miss Pikel. The lemure barely misses you. Pikel misses you.
The lemure closely misses you. The lemure barely misses you.
You hit Pikel but do no damage. You block the lemure's attack.
Pikel zaps a wand.
The puff of flame hits you.
* * * LOW HITPOINT WARNING * * *
You block the lemure's attack. The lemure hits you!
You die...

#........ #...# #...####.>.#
#...# .... ####...# #..# #...#
#..... ......## #..##
#...###..... ......#
#...#####...##...... ......##
#.................... ...<...#
##.....................
.......####...##.5...............
........##...##.@5...............
............#...K5............##.
....)........................##..
...#....##..............##..#....
...#............(.......##.5.....
..##.....................#5.....#
..##..................K..#.....##
.## ...................#....## .#
..................#


You could see Pikel and 3 lemures.

Vanquished Creatures
  A centaur (D:4)
  A lemure (D:3)
  2 hounds
  A centaur skeleton (D:4)
  An orc wizard (D:3)
  4 adders
  2 oozes (D:1)
  An adder zombie (D:4)
  4 worms (D:2)
  4 dart slugs
  A leopard gecko (D:4)
  13 orcs
  11 bats
  2 giant cockroaches
  4 goblins
  7 hobgoblins
  2 jackals (D:2)
  8 kobolds
  4 quokkas
  A ball python (D:2)
  6 rats (D:1)
80 creatures vanquished.

Notes
Turn   | Place    | Note
-------+----------+-------------------------------------------
     0 | D:1      | Leibowitz the Kobold Gladiator began the quest for the Orb.
     0 | D:1      | Reached XP level 1. HP: 12/12 MP: 1/1
   317 | D:1      | Reached XP level 2. HP: 18/18 MP: 2/2
   529 | D:1      | Reached XP level 3. HP: 20/22 MP: 3/3
  1498 | D:2      | Reached XP level 4. HP: 24/27 MP: 4/4
  1498 | D:2      | Upgraded the game from 0.27-a0-604-g29a88b33a7 to
                  | 0.27-a0-607-g1ad3dbde53
  1592 | D:2      | Reached skill level 1 in Armour
  1841 | D:2      | Reached skill level 1 in Stealth
  2303 | D:2      | Reached skill level 5 in Short Blades
  2701 | D:3      | Found a burning altar of Makhleb.
  2706 | D:3      | Reached XP level 5. HP: 32/32 MP: 5/5
  3371 | D:3      | Found a sparkling altar of Nemelex Xobeh.
  3464 | D:3      | Found a runed translucent gate.
  3464 | D:3      | Noticed a kobold brigand
  3465 | D:3      | Found a runed translucent gate.
  3465 | D:3      | Noticed waddelsworth's ghost (novice GnWn)
  3466 | D:3      | Found a runed translucent gate.
  3837 | D:4      | Reached skill level 1 in Shields
  3837 | D:4      | Reached XP level 6. HP: 5/37 MP: 6/6
  3928 | D:4      | Noticed an ogre
  4171 | D:4      | Noticed Pikel
  4755 | D:4      | Found an ornate altar of the Wu Jian Council.
  4760 | D:4      | Became a worshipper of the Wu Jian Council
  4784 | D:4      | Reached skill level 5 in Dodging
  5073 | D:4      | Slain by a lemure

Illustrated notes

Levels and vault maps discovered:
D:1:      heliophobic_arrival_dark_side_of_the_moon, layout_basic
D:2:      layout_basic, grunt_decor_cap
D:3:      layout_basic, makhleb_heckhound_becter, gammafunk_ghost_nasty_kobolds,
          minivault_23, nemelex_lonely_heart_becter
D:4:      layout_layer_cave, nzn_wu_jian_council_hall, serial_shops,
          nicolae_shop_statue_plus, uniq_pikel

Skill      XL: |  1  2  3  4  5  6 |
---------------+-------------------+-----
Dodging        | 4 5 |  5.0
Armour         | 1 2 |  2.0
Stealth        | 1 2 |  2.7
Short Blades   | 5 |  5.8
Fighting       | 3 |  3.1
Shields        | 1 |  1.5
Throwing       | |  2.3

Action                   |  1- 3 |  4- 6 || total
-------------------------+-------+-------++-------
Melee: Rapier            |    66 |   205 ||   271
Throw: Throwing net      |       |     3 ||     3
  Use: Potion            |       |     1 ||     1
 Stab: Sleeping          |     7 |    17 ||    24
       Held in net/web   |       |     1 ||     1
Armor: Leather armour    |     8 |    29 ||    37
Dodge: Dodged            |    37 |   140 ||   177
Block: Kite shield       |    13 |    82 ||    95

Table legend: (Time is in decaauts)
 A = Elapsed time spent in this place.
 B = Non-inter-level travel time spent in this place.
 C = Inter-level travel time spent in this place.
 D = Time resting spent in this place.
 E = Time spent auto-exploring this place.
 F = Levels seen in this place.
 G = Mean time per level.
                   A        B        C        D        E       F      G
               +--------+--------+--------+--------+--------+-----+--------+
         Total |   5134 |   5073 |     61 |    973 |   3336 |   4 | 1283.5 |
       Dungeon |   5134 |   5073 |     61 |    973 |   3336 |   4 | 1283.5 |
               +--------+--------+--------+--------+--------+-----+--------+

Top non-repeatable levels by time:
     D:3: 1971 daAuts
     D:1: 1247 daAuts
     D:2: 1245 daAuts
     D:4: 671 daAuts
